TOP OF THE 1ST |
Pensacola Pilots batting - Pitching for Savannah Hogs : RHP Ubaldo Tavaia
|
Pitching: RHP Ubaldo Tavaia
|
|
Batting: LHB Armando Domínguez
|
0-0: Called Strike 0-1: Ball 1-1: Foul Ball, location: 2F 1-2: Ground out 4-3 (Groundball, 34D)
|
Batting: LHB Ricardo García
|
0-0: Ball 1-0: Ground out 4-3 (Groundball, 4)
|
Batting: LHB Weston Chaney
|
0-0: Ball 1-0: Ball 2-0: Ball 3-0: Base on Balls
|
Batting: RHB Jonny Lord
|
0-0: Swinging Strike 0-1: Hit by Pitch Weston Chaney to second
|
Batting: RHB Roberto Gómez
|
0-0: Ground out 5-3 (Groundball, 56S)
|
Top of the 1st over - 0 run(s), 0 hit(s), 0 error(s), 2 left on base; Pensacola 0 - Savannah 0 |
BOTTOM OF THE 1ST |
Savannah Hogs batting - Pitching for Pensacola Pilots : LHP Ramón Vázquez
|
Pitching: LHP Ramón Vázquez
|
|
Batting: RHB Ernesto Gómez
|
0-0: Ball 1-0: Fly out, F5 (Line Drive, 56)
|
Batting: RHB Sergio Moreno
|
0-0: Called Strike 0-1: SINGLE (Groundball, 6MD)
|
Batting: RHB Remi Eruzione
|
0-0: Foul Ball, location: 2F 0-1: Ball 1-1: Swinging Strike 1-2: Reached on error, E5 (Groundball, 56) Sergio Moreno to second
|
Batting: RHB Henry Dawson
|
0-0: Called Strike 0-1: SINGLE (Groundball, 56D) Sergio Moreno to third Remi Eruzione to second Runner from 3rd tries for Home, SAFE, throw made home Remi Eruzione to third Henry Dawson to second
|
Batting: RHB Anastasio Movonda
|
0-0: Fly out, F9 (Flyball, 9S)
|
Batting: LHB Ivan Costello
|
0-0: Ball 1-0: Ball 2-0: Ball 3-0: Called Strike 3-1: Called Strike 3-2: Strikes out swinging
|
Bottom of the 1st over - 1 run(s), 2 hit(s), 1 error(s), 2 left on base; Pensacola 0 - Savannah 1 |
TOP OF THE 2ND |
Pensacola Pilots batting - Pitching for Savannah Hogs : RHP Ubaldo Tavaia
|
Batting: LHB Pedro Ramos
|
0-0: Ball 1-0: Ball 2-0: Called Strike 2-1: Ball 3-1: Fly out, F8 (Line Drive, 8RM)
|
Batting: LHB Nick Gamble
|
0-0: Ball 1-0: Foul Ball, location: 2F 1-1: Called Strike 1-2: Strikes out looking
|
Batting: RHB Aaron Grizzle
|
0-0: Called Strike 0-1: Ball 1-1: Ball 2-1: Ball 3-1: Foul Ball, location: 2F 3-2: Strikes out looking
|
Top of the 2nd over - 0 run(s), 0 hit(s), 0 error(s), 0 left on base; Pensacola 0 - Savannah 1 |
BOTTOM OF THE 2ND |
Savannah Hogs batting - Pitching for Pensacola Pilots : LHP Ramón Vázquez
|
Batting: LHB Juan Delgado
|
0-0: Ball 1-0: Swinging Strike 1-1: Called Strike 1-2: Strikes out swinging
|
Batting: RHB Júlio Peña
|
0-0: Foul Ball, location: 2F 0-1: Called Strike 0-2: Ball 1-2: Foul Ball, location: 2F 1-2: Ball 2-2: Ball 3-2: Fly out, F9 (Flyball, 9S)
|
Batting: LHB Jim Clemente
|
0-0: Called Strike 0-1: Ball 1-1: SINGLE (Groundball, 4D)
|
Batting: RHB Ernesto Gómez
|
0-0: Ball Jim Clemente is caught stealing 2nd base
|
Bottom of the 2nd over - 0 run(s), 1 hit(s), 0 error(s), 0 left on base; Pensacola 0 - Savannah 1 |
TOP OF THE 3RD |
Pensacola Pilots batting - Pitching for Savannah Hogs : RHP Ubaldo Tavaia
|
Batting: RHB Jesús García
|
0-0: Foul Ball, location: 2F 0-1: Called Strike 0-2: Ball 1-2: Strikes out looking
|
Batting: LHB Armando Domínguez
|
0-0: Called Strike 0-1: Ball 1-1: Ground out 4-3 (Groundball, 34)
|
Batting: LHB Ricardo García
|
0-0: Ball 1-0: Ball 2-0: Called Strike 2-1: Called Strike 2-2: Ball 3-2: Base on Balls
|
Batting: LHB Weston Chaney
|
0-0: Ball 1-0: Called Strike 1-1: Ball Ricardo García steals 2nd base 2-1: Fly out, F7 (Flyball, 7)
|
Top of the 3rd over - 0 run(s), 0 hit(s), 0 error(s), 1 left on base; Pensacola 0 - Savannah 1 |
BOTTOM OF THE 3RD |
Savannah Hogs batting - Pitching for Pensacola Pilots : LHP Ramón Vázquez
|
Batting: RHB Ernesto Gómez
|
0-0: SOLO HOME RUN (Flyball, 7D), Distance : 366 ft
|
Batting: RHB Sergio Moreno
|
0-0: Ball 1-0: Ground out 5-3 (Groundball, 56)
|
Batting: RHB Remi Eruzione
|
0-0: Fly out, F9 (Flyball, 9LSF)
|
Batting: RHB Henry Dawson
|
0-0: Ball 1-0: Fly out, F5 (Popup, 56)
|
Bottom of the 3rd over - 1 run(s), 1 hit(s), 0 error(s), 0 left on base; Pensacola 0 - Savannah 2 |
TOP OF THE 4TH |
Pensacola Pilots batting - Pitching for Savannah Hogs : RHP Ubaldo Tavaia
|
Batting: RHB Jonny Lord
|
0-0: Ball 1-0: SINGLE (Line Drive, 56)
|
Batting: RHB Roberto Gómez
|
0-0: Ball 1-0: Ball 2-0: Ball 3-0: Base on Balls Jonny Lord to second
|
Batting: LHB Pedro Ramos
|
0-0: Called Strike 0-1: Ball 1-1: SINGLE (Flyball, 9LS) Jonny Lord to third Roberto Gómez to second
|
Batting: LHB Nick Gamble
|
0-0: Called Strike 0-1: Ball 1-1: Swinging Strike 1-2: Strikes out swinging
|
Batting: RHB Aaron Grizzle
|
0-0: Ball 1-0: Fielders Choice at 2nd, 6-4 (Groundball, 6M) Jonny Lord scores Roberto Gómez to third
|
Batting: RHB Jesús García
|
0-0: Foul Ball, location: 2F 0-1: Swinging Strike 0-2: SINGLE (Groundball, 34D) Roberto Gómez scores Aaron Grizzle to second Runner from 2nd tries for 3rd, OUT!
|
Top of the 4th over - 2 run(s), 3 hit(s), 0 error(s), 1 left on base; Pensacola 2 - Savannah 2 |
BOTTOM OF THE 4TH |
Savannah Hogs batting - Pitching for Pensacola Pilots : LHP Ramón Vázquez
|
Batting: RHB Anastasio Movonda
|
0-0: Foul Ball, location: 2F 0-1: Called Strike 0-2: Foul Ball, location: 2F 0-2: Ball 1-2: Ball 2-2: Ball 3-2: Base on Balls
|
Batting: LHB Ivan Costello
|
0-0: Fielders Choice at 2nd, 4-6 (Groundball, 4)
|
Batting: LHB Juan Delgado
|
0-0: Ball 1-0: Called Strike 1-1: 2-RUN HOME RUN (Flyball, 8RXD), Distance : 418 ft
|
Batting: RHB Júlio Peña
|
0-0: Ball 1-0: Ball 2-0: Called Strike 2-1: Called Strike 2-2: Foul Ball, location: 2F 2-2: Foul Ball, location: 2F 2-2: Ground out 2-3 (Groundball, 15S)
|
Batting: LHB Jim Clemente
|
0-0: Ball 1-0: SINGLE (Groundball, 6D)
|
Batting: RHB Ernesto Gómez
|
0-0: Ball 1-0: Swinging Strike 1-1: Swinging Strike 1-2: Strikes out looking
|
Bottom of the 4th over - 2 run(s), 2 hit(s), 0 error(s), 1 left on base; Pensacola 2 - Savannah 4 |
TOP OF THE 5TH |
Pensacola Pilots batting - Pitching for Savannah Hogs : RHP Ubaldo Tavaia
|
Batting: LHB Armando Domínguez
|
0-0: Ball 1-0: Ball 2-0: Called Strike 2-1: Swinging Strike 2-2: Strikes out swinging
|
Batting: LHB Ricardo García
|
0-0: Ground out 3-1 (Groundball, 34)
|
Batting: LHB Weston Chaney
|
0-0: Ground out 5-3 (Groundball, 56)
|
Top of the 5th over - 0 run(s), 0 hit(s), 0 error(s), 0 left on base; Pensacola 2 - Savannah 4 |
BOTTOM OF THE 5TH |
Savannah Hogs batting - Pitching for Pensacola Pilots : LHP Ramón Vázquez
|
Batting: RHB Sergio Moreno
|
0-0: Swinging Strike 0-1: Ball 1-1: Foul Ball, location: 2F 1-2: Hit by Pitch
|
Batting: RHB Remi Eruzione
|
0-0: Swinging Strike 0-1: Foul Ball, location: 2F 0-2: Ball 1-2: Grounds into double play, 4-6-3 (Groundball, 4)
|
Batting: RHB Henry Dawson
|
0-0: Ball 1-0: Fly out, F8 (Flyball, 8RS)
|
Bottom of the 5th over - 0 run(s), 0 hit(s), 0 error(s), 0 left on base; Pensacola 2 - Savannah 4 |
TOP OF THE 6TH |
Pensacola Pilots batting - Pitching for Savannah Hogs : RHP Ubaldo Tavaia
|
Batting: RHB Jonny Lord
|
0-0: Ball 1-0: Ball 2-0: Swinging Strike 2-1: Swinging Strike 2-2: Strikes out swinging
|
Batting: RHB Roberto Gómez
|
0-0: Called Strike 0-1: Ball 1-1: Foul Ball, location: 2F 1-2: Ball 2-2: Ball 3-2: Ground out 5-3 (Groundball, 56)
|
Batting: LHB Pedro Ramos
|
0-0: Ball 1-0: Ball 2-0: Swinging Strike 2-1: Ball 3-1: Called Strike 3-2: SINGLE (Groundball, 4M) (infield hit)
|
Pitching: RHP Shannon Wallace
|
|
Batting: LHB Nick Gamble
|
0-0: Called Strike Pedro Ramos steals 2nd base 0-1: DOUBLE (Flyball, 78M) Pedro Ramos scores
|
Batting: RHB Aaron Grizzle
|
0-0: Called Strike 0-1: Called Strike 0-2: Strikes out swinging
|
Top of the 6th over - 1 run(s), 2 hit(s), 0 error(s), 1 left on base; Pensacola 3 - Savannah 4 |
BOTTOM OF THE 6TH |
Savannah Hogs batting - Pitching for Pensacola Pilots : LHP Ramón Vázquez
|
Batting: RHB Anastasio Movonda
|
0-0: Ball 1-0: SOLO HOME RUN (Flyball, 78XD), Distance : 387 ft
|
Batting: LHB Ivan Costello
|
0-0: Ball 1-0: Called Strike 1-1: Called Strike 1-2: Ball 2-2: Strikes out swinging
|
Batting: LHB Juan Delgado
|
0-0: Ball 1-0: Foul Ball, location: 2F 1-1: Ball 2-1: SINGLE (Line Drive, 34D)
|
Batting: RHB Júlio Peña
|
0-0: Ball 1-0: Ball 2-0: Ball 3-0: Foul Ball, location: 2F 3-1: Base on Balls Juan Delgado to second
|
Batting: LHB Jim Clemente
|
0-0: Called Strike 0-1: Ball 1-1: Foul Ball, location: 2F 1-2: Ball 2-2: Ball 3-2: DOUBLE (Flyball, 7LD) Juan Delgado scores Júlio Peña to third
|
Batting: RHB Ernesto Gómez
|
0-0: Swinging Strike 0-1: Ball 1-1: Ball 2-1: Foul Ball, location: 2F 2-2: Ball Wild Pitch! Júlio Peña scores Jim Clemente to third 3-2: Foul Ball, location: 2F 3-2: Base on Balls
|
Batting: RHB Sergio Moreno
|
0-0: Ball 1-0: Ball 2-0: Ball 3-0: Called Strike 3-1: Base on Balls Ernesto Gómez to second
|
Batting: RHB Remi Eruzione
|
0-0: Ball 1-0: Ball 2-0: Fly out, F7 (Flyball, 7) Runner from 3rd tags up, SCORES, no throw
|
Pitching: RHP Manuel Valdés
|
|
Batting: RHB Henry Dawson
|
0-0: Ball 1-0: Ball 2-0: Fly out, F7 (Flyball, 7S)
|
Bottom of the 6th over - 4 run(s), 3 hit(s), 0 error(s), 2 left on base; Pensacola 3 - Savannah 8 |
TOP OF THE 7TH |
Pensacola Pilots batting - Pitching for Savannah Hogs : RHP Shannon Wallace
|
Batting: RHB Jesús García
|
0-0: Foul Ball, location: 2F 0-1: Ground out 5-3 (Groundball, 56S)
|
Batting: LHB Armando Domínguez
|
0-0: Called Strike 0-1: Swinging Strike 0-2: SINGLE (Line Drive, 4D)
|
Batting: LHB Ricardo García
|
0-0: Ball 1-0: Swinging Strike 1-1: SINGLE (Line Drive, 9LM) Armando Domínguez to second
|
Batting: LHB Weston Chaney
|
0-0: Ball Armando Domínguez is caught stealing 3rd base Ricardo García to second 1-0: Foul Ball, location: 2F 1-1: Ball 2-1: DOUBLE (Line Drive, 8LM) Ricardo García scores
|
Batting: RHB Jonny Lord
|
0-0: Ground out 4-3 (Groundball, 4M)
|
Top of the 7th over - 1 run(s), 3 hit(s), 0 error(s), 1 left on base; Pensacola 4 - Savannah 8 |
BOTTOM OF THE 7TH |
Savannah Hogs batting - Pitching for Pensacola Pilots : RHP Manuel Valdés
|
Batting: RHB Anastasio Movonda
|
0-0: Ball 1-0: Foul Ball, location: 2F 1-1: Ball 2-1: Foul Ball, location: 2F 2-2: Foul Ball, location: 2F 2-2: Foul Ball, location: 2F 2-2: Foul Ball, location: 2F 2-2: Foul Ball, location: 2F 2-2: Ground out 1-3 (Groundball, 13S)
|
Batting: LHB Ivan Costello
|
0-0: Ball 1-0: Fly out, F4 (Line Drive, 4)
|
Batting: LHB Juan Delgado
|
0-0: SINGLE (Line Drive, 8RS)
|
Batting: RHB Júlio Peña
|
0-0: Foul Ball, location: 2F 0-1: Foul Ball, location: 2F 0-2: Ball 1-2: Fly out, F9 (Flyball, 9LM)
|
Bottom of the 7th over - 0 run(s), 1 hit(s), 0 error(s), 1 left on base; Pensacola 4 - Savannah 8 |
TOP OF THE 8TH |
Pensacola Pilots batting - Pitching for Savannah Hogs : RHP Shannon Wallace
|
Batting: RHB Roberto Gómez
|
0-0: Ball 1-0: Ball 2-0: Ball 3-0: Base on Balls
|
Batting: LHB Pedro Ramos
|
0-0: Ball 1-0: Swinging Strike 1-1: Foul Ball, location: 2F 1-2: Ball 2-2: Strikes out looking
|
Batting: LHB Nick Gamble
|
0-0: Swinging Strike 0-1: Foul Ball, location: 2F 0-2: Ball 1-2: Foul Ball, location: 2F 1-2: Foul Ball, location: 2F 1-2: Ball 2-2: Strikes out swinging
|
Batting: RHB Aaron Grizzle
|
0-0: Called Strike 0-1: Foul Ball, location: 2F 0-2: Ball 1-2: Strikes out swinging
|
Top of the 8th over - 0 run(s), 0 hit(s), 0 error(s), 1 left on base; Pensacola 4 - Savannah 8 |
BOTTOM OF THE 8TH |
Savannah Hogs batting - Pitching for Pensacola Pilots : RHP Manuel Valdés
|
Batting: LHB Jim Clemente
|
0-0: Ball 1-0: Foul Ball, location: 2F 1-1: Ball 2-1: Ball 3-1: Swinging Strike 3-2: Foul Ball, location: 2F 3-2: Foul Ball, location: 2F 3-2: Base on Balls
|
Batting: RHB Ernesto Gómez
|
0-0: Fly out, F7 (Flyball, 7D) Runner from 1st tags up, SAFE at 2nd
|
Batting: RHB Sergio Moreno
|
0-0: Intentional Walk
|
Batting: RHB Remi Eruzione
|
0-0: Foul Ball, location: 2F 0-1: Ball 1-1: Ball 2-1: Swinging Strike 2-2: Strikes out swinging
|
Batting: RHB Henry Dawson
|
0-0: Ball 1-0: Ball 2-0: Fielders Choice at 2nd, 5-4 (Groundball, 56)
|
Bottom of the 8th over - 0 run(s), 0 hit(s), 0 error(s), 1 left on base; Pensacola 4 - Savannah 8 |
TOP OF THE 9TH |
Pensacola Pilots batting - Pitching for Savannah Hogs : RHP Shannon Wallace
|
Batting: RHB Jesús García
|
0-0: Called Strike 0-1: Called Strike 0-2: Foul Ball, location: 2F 0-2: Strikes out swinging
|
Batting: LHB Armando Domínguez
|
0-0: Ball 1-0: Ground out 4-3 (Groundball, 34)
|
Batting: LHB Ricardo García
|
0-0: Ball 1-0: Swinging Strike 1-1: Ball 2-1: Called Strike 2-2: Ground out U3 (Groundball, 34)
|
Top of the 9th over - 0 run(s), 0 hit(s), 0 error(s), 0 left on base; Pensacola 4 - Savannah 8 |
|